 Dungeon Crawl Stone Soup version 0.31-a0-222-gefeffbb62a (webtiles) character file.

Game seed: 9678618220375520142

231 qw the Shooter (level 6, -3/37 HPs)
             Began as a Gargoyle Hexslinger on July 5, 2023.
             Slain by Edmund
             ... wielding a +1 dire flail of holy wrath
              (8 damage)
             ... on level 4 of the Dungeon.
             The game lasted 00:01:11 (2897 turns).

qw the Shooter (Gargoyle Hexslinger)                Turns: 2897, Time: 00:01:11

Health: -3/37      AC: 10    Str: 12    XL:     6   Next: 3%
Magic:  7/7        EV: 10    Int: 13    God:
Gold:   253        SH:  0    Dex: 14    Spells: 6/7 levels left

rFire   . . .        Y - +2 sling
rCold   . . .        (no shield)
rNeg    + . .        h - +0 ring mail
rPois   inf          (no helmet)
rElec   +            (no cloak)
rCorr   .            c - +0 pair of gloves
SInv    .            (no boots)
Will    .....        (no amulet)
Stlth   +            (no ring)
HPRegen 0.26/turn    (no ring)
MPRegen 0.10/turn

%: no passive effects
@: no status effects
A: sickness immunity, AC +4, negative energy resistance 1, electricity
resistance, torment resistance 1, petrification resistance
a: no special abilities


You were on level 4 of the Dungeon.
You visited 1 branch of the dungeon, and saw 4 of its levels.

You collected 253 gold pieces.


Innate Abilities, Weirdness & Mutations

You are immune to sickness and miasma.
Your stone body is resilient. (AC +4)
You are immune to poison.
You resist negative energy. (rN+)
You are resistant to electric shocks. (rElec)
You are resistant to unholy torment.
You are immune to petrification.


   Skills:
 - Level 3.2 Fighting
 + Level 5.1 Ranged Weapons
 - Level 1.3 Armour
 - Level 1.5 Dodging
 - Level 1.0 Spellcasting
 - Level 2.6 Hexes


You had 6 spell levels left.
You knew the following spells:

 Your Spells              Type           Power      Damage    Failure   Level
a - Slow                  Hex            28%        N/A       21%         1

Your spell library contained the following spells:

 Spells                   Type           Power      Damage    Failure   Level
 Inner Flame              Hex/Fire       4%         N/A       71%         3
 Portal Projectile        Hex/Tloc       8%         N/A       71%         3
 Cause Fear               Hex            3%         N/A       90%         4

Inventory:

Hand Weapons
 Y - a +2 sling (weapon)
Armour
 c - a +0 pair of gloves (worn)
 h - a +0 ring mail (worn)
Scrolls
 a - 2 scrolls of identify
 e - a scroll of enchant armour {unknown}
 g - a scroll of vulnerability {unknown}
Potions
 b - a potion of enlightenment
 d - a potion of haste
 f - a potion of curing
 i - a potion of mutation {unknown}
 j - a potion of heal wounds {unknown}

Dungeon Overview and Level Annotations

Branches:
Dungeon (4/15)
 Temple: D:4-7

Altars:
Qazlal
Wu Jian

Annotations:
D:4 Edmund


Message History

Edmund shouts!
Enter note:
Enter note:
Enter note:
Enter note:
Enter note:
Enter note:
Enter note:
Enter note: You shoot a sling bullet.
The sling bullet hits Edmund.
Edmund is lightly wounded.
You shoot a sling bullet. The sling bullet hits Edmund.
Edmund is lightly wounded.
You shoot a sling bullet. The sling bullet hits Edmund.
Edmund is moderately wounded.
You shoot a sling bullet. The sling bullet hits Edmund.
Edmund is moderately wounded.
You shoot a sling bullet. The sling bullet hits Edmund!
Edmund is heavily wounded.
Edmund hits you with a +1 dire flail of holy wrath.
You shoot a sling bullet. The sling bullet hits Edmund.
Edmund is severely wounded.
Edmund hits you with a +1 dire flail of holy wrath.
You shoot a sling bullet.
The sling bullet hits Edmund but does no damage.
Edmund is severely wounded.
Edmund hits you with a +1 dire flail of holy wrath.
Edmund hits you with a +1 dire flail of holy wrath!
You shoot a sling bullet. The sling bullet hits Edmund.
Edmund is severely wounded.
Edmund hits you with a +1 dire flail of holy wrath.
You shoot a sling bullet.
The sling bullet hits Edmund but does no damage.
Edmund is severely wounded.
Edmund hits you with a +1 dire flail of holy wrath!
You shoot a sling bullet.
The sling bullet hits Edmund but does no damage.
Edmund is severely wounded.
Edmund hits you with a +1 dire flail of holy wrath! x2
You die...

...... .....
.... ...
#######...
#.......#####
#.....@.'...#
#.....@.#
#.......#
#.......#
######.......#
........######
........#
........#
........#
........####


You could see Edmund.

Vanquished Creatures
  A sleepcap (D:4)
  Terence (D:2)
  An iguana (D:4)
  A gnoll (D:1)
  6 adders
  3 dart slugs
  4 orcs
  10 ball pythons
  6 bats
  4 endoplasms
  5 giant cockroaches
  11 goblins
  11 hobgoblins
  2 jackals (D:2)
  2 quokkas
  5 frilled lizards (D:1)
  2 kobolds (D:1)
  4 rats
79 creatures vanquished.

Notes
Turn   | Place    | Note
-------+----------+-------------------------------------------
     0 | D:1      | qw the Gargoyle Hexslinger began the quest for the Orb.
     0 | D:1      | Reached XP level 1. HP: 12/12 MP: 2/2
     0 | D:1      | 0 ||| qw: Version: 0.3-a-46-gb1f654a
     0 | D:1      | 0 ||| qw: Game counter: 999
     0 | D:1      | 0 ||| qw: Melee chars always use a shield: true
     0 | D:1      | 0 ||| qw: God list: Okawaru
     0 | D:1      | 0 ||| qw: Allow faded altars: false
     0 | D:1      | 0 ||| qw: Do Orc after clearing Dungeon:15 true
     0 | D:1      | 0 ||| qw: Do second Lair branch before Depths: true
     0 | D:1      | 0 ||| qw: Lair rune preference: random
     0 | D:1      | 0 ||| qw: Goals: Normal
     0 | D:1      | 0 ||| PLANNING D:1-11
   125 | D:1      | Reached XP level 2. HP: 16/16 MP: 3/3
   199 | D:1      | Reached skill level 3 in Ranged Weapons
   244 | D:1      | Reached XP level 3. HP: 21/21 MP: 4/4
  1238 | D:1      | 1238 ||| UPGRADING to +0 ring mail.
  1248 | D:1      | 1248 ||| DROPPING +0 robe.
  1249 | D:1      | 1249 ||| READING scroll labelled FEHONWIATZ.
  1350 | D:1      | 1350 ||| READING 2 scrolls labelled HIHAMI ETWA.
  1354 | D:1      | 1354 ||| READING scroll labelled SIUJAGINYN.
  1355 | D:1      | 1355 ||| DROPPING scroll of poison.
  1514 | D:2      | Reached XP level 4. HP: 21/26 MP: 5/5
  1525 | D:2      | 1525 ||| FLEEEEING.
  1526 | D:2      | 1526 ||| FLEEEEING.
  1531 | D:2      | Reached skill level 4 in Ranged Weapons
  1573 | D:2      | You fall into a shaft and drop 2 floors!
  1668 | D:2      | Reached skill level 1 in Armour
  1826 | D:2      | Noticed Terence
  1851 | D:2      | HP: 6/26 [Terence/+0 short sword (4)]
  1852 | D:2      | 1852 ||| READING scroll of teleportation.
  1946 | D:2      | Killed Terence
  1947 | D:2      | Reached XP level 5. HP: 30/30 MP: 6/6
  2072 | D:2      | 2072 ||| READING scroll labelled SONECESCHIOLI.
  2073 | D:2      | 2073 ||| READING 2 scrolls of identify.
  2073 | D:2      | 2073 ||| IDENTIFYING glowing orange potion
  2112 | D:3      | Found a stormy altar of Qazlal.
  2442 | D:3      | Reached skill level 5 in Ranged Weapons
  2515 | D:3      | 2515 ||| UPGRADING to +0 pair of gloves.
  2520 | D:3      | 2520 ||| READING scroll labelled VOLARHE GIOSS.
  2521 | D:3      | 2521 ||| READING scroll labelled HITEON KIFUA.
  2522 | D:3      | 2522 ||| READING 3 scrolls of identify.
  2522 | D:3      | 2522 ||| IDENTIFYING smoky yellow potion
  2523 | D:3      | 2523 ||| READING 2 scrolls of identify.
  2523 | D:3      | 2523 ||| IDENTIFYING clear potion
  2678 | D:4      | Reached skill level 3 in Fighting
  2678 | D:4      | Reached XP level 6. HP: 23/37 MP: 7/7
  2758 | D:4      | Found an ornate altar of the Wu Jian Council.
  2887 | D:4      | Noticed Edmund
  2897 | D:4      | HP: 5/37 [Edmund/+1 dire flail of holy wrath (11)]
  2897 | D:4      | Slain by Edmund

Levels and vault maps discovered:
D:1:      heliophobic_arrival_battle_scene, layout_basic, minmay_misc_feat_chi,
          st_stairs_8, dk_noncrumbling_4, palyth_stone_intersect,
          minmay_hexomino_f4
D:2:      layout_rooms, hangedman_decor_push, uniq_terence
D:3:      layout_rooms, mainiacjoe_overflow_paths, minmay_goblin_outpost
D:4:      layout_gridville, mainiacjoe_overflow_24_doors, uniq_edmund

Skill      XL: |  1  2  3  4  5 |
---------------+----------------+-----
Ranged Weapons | 3 4 5 |  5.1
Fighting       | 2 3 |  3.2
Armour         | 1 |  1.3
Dodging        | |  1.5
Spellcasting   | |  1.0
Hexes          | |  2.6

Action                     |  1- 3 |  4- 6 || total
---------------------------+-------+-------++-------
   Fire: Sling             |   112 |   198 ||   310
    Use: Scroll            |     3 |     7 ||    10
 Armour: Robe              |     9 |       ||     9
         Ring mail         |     6 |    39 ||    45
  Dodge: Dodged            |    22 |    59 ||    81

Table legend:
 A = Non-vault XP
 B = Vault XP
 C = Vault XP percentage of total XP
 D = Non-vault monster count
 E = Vault monster count
 F = Vault count percentage of total count
                 A         B        C        D         E       F
            +---------+---------+-------+---------+---------+-------
      Total |     269 |      61 |  18.5 |      65 |      14 |  17.7
            +---------+---------+-------+---------+---------+-------
        D:1 |      53 |      11 |  17.2 |      24 |       6 |  20.0
        D:2 |      85 |      36 |  29.8 |      22 |       1 |   4.3
        D:3 |      45 |      14 |  23.7 |      11 |       7 |  38.9
        D:4 |      86 |       0 |   0.0 |       8 |       0 |   0.0
            +---------+---------+-------+---------+---------+-------
